 Dungeon Crawl Stone Soup version 0.17-a0-2147-gfb20a63 (webtiles) character file.

7022 M4edhros the Blocker (level 11, 0/63 HPs)
             Began as an Octopode Artificer on Oct 24, 2015.
             Was a High Priest of Okawaru.
             Succumbed to a killer bee's poison
             ... on level 9 of the Dungeon.
             The game lasted 00:24:55 (10598 turns).

M4edhros the Blocker (Octopode Artificer)          Turns: 10598, Time: 00:24:55

Health: 0/63       AC:  1    Str: 10    XL:     11   Next: 8%
Magic:  23/25      EV: 16    Int: 16    God:    Okawaru [*****.]
Gold:   527        SH: 19    Dex: 15    Spells: 0 memorised, 10 levels left

rFire  + . .     SeeInvis .     n - +2 short sword (elec)
rCold  x . .     Clarity  .     j - +2 large shield
rNeg   . . .     SustAt   +     (helmet restricted)
rPois  .         Gourm    .     (no amulet)
rElec  .         Spirit   .     k - ring of fire
rCorr  .         Warding  .     J - ring of sustain attributes
rMut   .         Stasis   .     K - ring of magical power
MR     .....                    (no ring)
Stlth  +++++++...               (no ring)
                                (no ring)
                                (no ring)
                                (no ring)

@: lethally poisoned (0 -> -5), about to teleport, heroism, very slightly
contaminated, hasted, invisible, very quick, not resistant to hostile
enchantments, extremely stealthy
A: almost no armour, amphibious, 8 rings, constrict 8, camouflage 1, gelatinous
body 1
a: Heroism, Finesse, Renounce Religion


You were on level 9 of the Dungeon.
You worshipped Okawaru.
Okawaru was extremely pleased with you.
You were not hungry.

You visited 1 branch of the dungeon, and saw 9 of its levels.
You also visited: Ossuary.

You collected 527 gold pieces.

Inventory:

Hand Weapons
 m - a +0 hunting sling
 n - a +2 short sword of electrocution (weapon)
 y - a +2 mace of protection
 T - a +0 hunting sling
 X - a +2 mace of distortion
Missiles
 r - 5 javelins of returning (quivered)
 s - 13 sling bullets of frost
 w - 3 javelins
 z - 10 silver sling bullets
 F - 23 sling bullets of flame
 I - 3 poisoned javelins
 Q - 54 sling bullets
 R - 8 poisoned sling bullets
 V - 16 steel sling bullets
Armour
 j - a +2 large shield (worn)
 x - a +2 buckler
Jewellery
 k - a ring of fire (left tentacle)
 u - an uncursed ring of teleportation
 E - an uncursed amulet of stasis
 J - a ring of sustain attributes (right tentacle)
 K - a ring of magical power (on tentacle)
Wands
 a - a wand of digging (16)
 b - a wand of flame (0)
 c - a wand of enslavement (0)
 d - a wand of random effects (0)
 B - a wand of lightning (0)
 N - a wand of random effects (34)
 O - a wand of paralysis (0)
 U - a wand of digging (8)
Scrolls
 f - a scroll of blinking
 g - 6 scrolls of identify
 i - 2 scrolls of teleportation
 t - 6 scrolls of enchant armour
 v - 4 scrolls of remove curse
 A - a scroll of immolation
 D - a scroll of magic mapping
 G - a scroll of enchant weapon
 P - a scroll of recharging {unknown}
 S - a scroll of silence {unknown}
Potions
 h - 3 potions of invisibility
 l - 3 potions of might
 p - a potion of agility
 q - a potion of magic
 C - 2 potions of brilliance
 H - a potion of degeneration
Comestibles
 e - 9 bread rations
 L - a royal jelly
 M - 7 beef jerkies


   Skills:
 - Level 1.0(6.0) Fighting
 - Level 5.7(10.7) Short Blades
 * Level 8.3(13.3) Slings
 + Level 4.9(9.9) Dodging
 + Level 8.8(13.8) Stealth
 * Level 8.9(13.9) Shields
 + Level 7.7 Evocations


You had 10 spell levels left.
You didn't know any spells.

Dungeon Overview and Level Annotations

Branches:
Dungeon (9/15)             Temple (0/1) D:7            Lair (0/8) D:8
    Orc: D:9-12

Altars:
Cheibriados
Dithmenos
Fedhas
Kikubaaqudgha
Nemelex Xobeh
Okawaru
Ru
Sif Muna
Xom
Yredelemnul
The Shining One

Annotations:
D:3 nublet's ghost, amateur DrTm
D:6 kae's ghost, novice HOFi


Innate Abilities, Weirdness & Mutations

You cannot wear most types of armour.
You are amphibious.
You can wear up to eight rings at the same time.
You can use your tentacles to constrict eight enemies at once.
Your skin changes colour to match your surroundings (Stealth).
Your rubbery body absorbs attacks (AC +1).


Message History

Use which ability?
You gain the combat prowess of a mighty hero.
You feel slightly more hungry.
* * * LOW HITPOINT WARNING * * *
You feel sick.
Drink which item? (? for menu, Esc to quit)
Okay, then.
Drink which item? (? for menu, Esc to quit)
You feel yourself speed up.
Read which item? (? for menu, Esc to quit)
Okay, then.
Read which item? (? for menu, Esc to quit)
As you read the scroll of immolation, it crumbles to dust.
The air around you briefly surges with heat, but it dissipates.
* * * LOW HITPOINT WARNING * * *
You feel sick.
Read which item? (? for menu, Esc to quit)
As you read the scroll of teleportation, it crumbles to dust.
You feel strangely unstable.
You die...

#.....#....###.....)..#.........
#.....'.#### #.....)..#.........
#.)...### #####'#####........
#.....# ###.# #........ ###'###
#...# ######### #÷.## #†### ###.
##.>## #.# #... ####....#
######'## #####'## ......_.#
#....@†.# #....... ........#
#..<....#######....... ....o...+
#.......+.....'....... ........#
+.......#######....... ####'####
######### #....... #..# ##>#
#....... ##.# 8... ##'##### #o#
#.... #.## #####o##### #..#


There were no monsters in sight!

Vanquished Creatures
  A hill giant (D:7)
  Pikel (D:7)
  Joseph (D:9)
  2 two-headed ogres (D:9)
  2 deep elf magi (D:9)
  A wyvern (D:9)
  Menkaure (D:7)
  A hungry ghost (D:5)
  A water moccasin (D:5)
  An ice beast (D:8)
  5 orc warriors
  A slave (D:7)
  A black bear (D:5)
  3 phantoms
  2 ogres
  A centaur (D:9)
  A wasp (D:9)
  3 big kobolds
  An elf zombie (Ossuary)
  5 giant frogs
  A gnoll sergeant (D:5)
  A water moccasin zombie (D:5)
  4 scorpions
  12 killer bees
  3 wights (D:9)
  A quasit (D:7)
  2 crimson imps
  A giant frog skeleton (D:9)
  An iguana (D:9)
  2 giant frog zombies
  10 orc priests
  A hound (D:9)
  6 orc wizards
  A gnoll shaman (D:5)
  4 worker ants
  10 gnolls
  2 big kobold zombies (Ossuary)
  2 mummies (Ossuary)
  A hound zombie (D:7)
  2 worker ant zombies
  11 adders
  3 shadow imps
  2 oozes
  An adder zombie (Ossuary)
  4 worms
  3 giant geckos
  55 orcs
  2 ball pythons
  4 bat zombies (D:9)
  4 giant cockroaches
  3 hobgoblins (D:1)
  18 kobolds
  2 quokkas
  4 bats
  2 giant newts
  A goblin (D:2)
  12 hobgoblin zombies (Ossuary)
  17 jackals
  11 kobold zombies (Ossuary)
  6 orc zombies (Ossuary)
  A quokka skeleton (D:7)
  3 rats
  5 rat zombies
276 creatures vanquished.

Vanquished Creatures (collateral kills)
  A giant frog (D:7)
  2 killer bees (D:7)
  An orc wizard (D:4)
  2 gnolls (D:3)
  2 adders
  5 orcs (D:7)
  A bat (D:3)
14 creatures vanquished.

Vanquished Creatures (others)
  A slave (D:7)
  A centaur (D:7)
  An ogre (D:7)
  A killer bee (D:8)
  A centaur zombie (Ossuary)
5 creatures vanquished.

Grand Total: 295 creatures vanquished

Notes
Turn   | Place    | Note
--------------------------------------------------------------
     0 | D:1      | M4edhros the Octopode Artificer began the quest for the Orb.
     0 | D:1      | Reached XP level 1. HP: 13/13 MP: 3/3
   261 | D:1      | Reached XP level 2. HP: 9/18 MP: 4/4
   449 | D:1      | Reached skill level 1 in Shields
   779 | D:2      | Reached XP level 3. HP: 6/23 MP: 5/5
  1118 | D:2      | Found a snail-covered altar of Cheibriados.
  1122 | D:2      | Reached skill level 4 in Evocations
  1320 | D:3      | Reached XP level 4. HP: 19/28 MP: 7/7
  1441 | D:3      | Found an iron altar of Okawaru.
  1450 | D:3      | Became a worshipper of Warmaster Okawaru
  1882 | D:3      | Noticed nublet's ghost (amateur DrTm)
  1918 | D:3      | Reached XP level 5. HP: 30/33 MP: 8/8
  1965 | D:4      | Found a sand-covered staircase.
  1996 | Ossuary  | Entered an ossuary
  2282 | Ossuary  | Reached skill level 1 in Slings
  2282 | Ossuary  | Reached XP level 6. HP: 26/38 MP: 9/9
  2941 | D:4      | Reached XP level 7. HP: 30/43 MP: 10/10
  2952 | D:4      | Reached * piety under Okawaru
  3521 | D:5      | Entered Level 5 of the Dungeon
  3525 | D:5      | Reached skill level 5 in Evocations
  3732 | D:5      | Noticed a hungry ghost
  3821 | D:5      | Found a shadowy altar of Dithmenos.
  3821 | D:5      | Found a basalt altar of Yredelemnul.
  3859 | D:5      | Killed a hungry ghost
  3939 | D:5      | Reached XP level 8. HP: 24/48 MP: 11/11
  3951 | D:5      | Reached skill level 5 in Shields
  4390 | D:5      | Found a deep blue altar of Sif Muna.
  4396 | D:5      | Found a glowing golden altar of the Shining One.
  4401 | D:5      | Found a sacrificial altar of Ru.
  4408 | D:5      | Reached ** piety under Okawaru
  4890 | D:5      | Found a sparkling altar of Nemelex Xobeh.
  4891 | D:5      | Found a shimmering altar of Xom.
  5102 | D:5      | Reached skill level 5 in Slings
  5102 | D:5      | Reached skill level 5 in Stealth
  5507 | D:6      | Noticed kae's ghost (novice HOFi)
  5681 | D:6      | Found a sparkling altar of Nemelex Xobeh.
  5890 | D:7      | Reached XP level 9. HP: 43/53 MP: 13/13
  5954 | D:7      | Reached skill level 6 in Shields
  5973 | D:7      | Reached *** piety under Okawaru
  6340 | D:7      | HP: 2/53 [poisoned by a killer bee]
  6736 | D:7      | Noticed Pikel
  6796 | D:7      | Killed Pikel
  6796 | D:7      | Received a gift from Okawaru
  6796 | D:7      | Reached skill level 5 in Short Blades
  6929 | D:7      | Found a staircase to the Ecumenical Temple.
  7011 | D:7      | Reached skill level 7 in Shields
  7075 | D:7      | Reached **** piety under Okawaru
  7099 | D:7      | Noticed a hill giant
  7370 | D:7      | Noticed Menkaure
  7378 | D:7      | Killed Menkaure
  7756 | D:7      | Killed a hill giant
  7756 | D:7      | Received a gift from Okawaru
  7756 | D:7      | Reached XP level 10. HP: 58/58 MP: 15/15
  9069 | D:8      | Noticed a death yak
  9221 | D:8      | Found a staircase to the Lair.
  9221 | D:8      | Noticed an elephant
  9368 | D:9      | Received a gift from Okawaru
  9528 | D:9      | Found a blossoming altar of Fedhas.
  9675 | D:9      | Reached skill level 8 in Shields
  9683 | D:9      | Received a gift from Okawaru
  9950 | D:9      | Reached ***** piety under Okawaru
 10009 | D:9      | Found an ancient bone altar of Kikubaaqudgha.
 10053 | D:9      | Noticed Joseph
 10065 | D:9      | Killed Joseph
 10159 | D:9      | Received a gift from Okawaru
 10176 | D:9      | Found a snail-covered altar of Cheibriados.
 10179 | D:9      | Reached XP level 11. HP: 43/63 MP: 16/16
 10593 | D:9      | HP: 3/63 [poisoned by a killer bee]
 10597 | D:9      | HP: 1/63 [poisoned by a killer bee]
 10598 | D:9      | Succumbed to a killer bee's poison

Vault maps used:
D:1:      saegor_arrival_under_anarchy
D:2:      old_standard_altar, first_bread, hex_large
D:3:      overflow_temple_1_default, ashenzari_conservatory_becter,
          hangedman_decor_push, hangedman_decor_clover_reticule, tgw_sif
D:4:      nicolae_ossuary_entry_monument
D:5:      grunt_temple_overflow_open, gammafunk_temple_overflow_pools,
          gammafunk_temple_overflow_elements
D:6:      nemelex_dance_club_becter
D:7:      minmay_temple_entry_from_below_a, minmay_misc_feat_room,
          uniq_menkaure, uniq_pikel
D:8:      david_lair_generic, serial_curves, eino_curves_02, eino_curves_03
D:9:      nicolae_overflow_hidden_temple, lemuel_zombie_altar_kikubaaqudgha,
          special_room, grunt_ogre_cave, cheibriados_altar_1, uniq_joseph
Ossuary:  ossuary_tomb_1

Action                   |  1- 3 |  4- 6 |  7- 9 | 10-12 || total
-------------------------+-------+-------+-------+-------++-------
Melee: Short sword       |    13 |   117 |   203 |   272 ||   605
       Mace              |    46 |    12 |       |       ||    58
Invok: Heroism           |       |       |       |     1 ||     1
Evoke: Wand              |     6 |     7 |    30 |    14 ||    57
  Use: Scroll            |     3 |     1 |     6 |    10 ||    20
       Potion            |     1 |     7 |     6 |     4 ||    18
 Stab: Sleeping          |     6 |     8 |    12 |    15 ||    41
       Invisible         |       |     4 |       |     1 ||     5
       Distracted        |       |       |     1 |       ||     1
       Paralysed         |       |       |       |     1 ||     1
  Eat: Chunk             |     1 |     3 |     4 |     7 ||    15
       Meat ration       |       |     1 |       |       ||     1
       Bread ration      |       |       |     1 |     1 ||     2
       Beef jerky        |       |       |     2 |       ||     2
